[Event "1st Jeddah Young Masters 2024"]
[Site "Jeddah"]
[Date "2024.01.29"]
[Round "8.4"]
[White "Rey Martinez, Jaime"]
[Black "Woodward, Andy"]
[Result "0-1"]
[ECO "B90"]
[WhiteElo "2342"]
[BlackElo "2501"]
[Annotator "TA"]
[PlyCount "70"]
[EventDate "2024.01.24"]
[EventType "tourn"]
[SourceTitle "playchess.com"]
[Source "ChessBase"]
[SourceQuality "1"]
[TimeControl "5400+30"]

1. e4 c5 2. Nf3 d6 3. d4 cxd4 4. Nxd4 Nf6 5. Nc3 a6 6. Rg1 b5 7. a4 b4 8. Nd5 Nxd5 (8... Nxe4 {is more complex.} 9. Bc4 e6 10. Qe2 Nf6) 9. exd5 {[%emt 0:00:06] Black is slightly better.} Bb7 10. Bc4 Nd7 11. a5 (11. Qe2 $5) 11... Qc7 12. Qe2 g6 13. Bg5 h6 14. Bh4 Nc5 (14... Rc8 $15 15. Nc6 (15. Bxa6 $2 Bxa6 16. Qxa6 Bg7 $19) 15... Bxc6 16. dxc6 Qxc6 17. Bxa6 Rb8) 15. f4 (15. Bf6 $14 {stays ahead.} Rg8 16. Nb3) 15... Bg7 $17 16. Bf2 O-O {[%emt 0:02:23][%cal Oe7e6] Hoping for ...e6!} 17. f5 {[%emt 0:02:59] [#]} Ne4 $1 {[%emt 0:06:18][%mdl 512] ...Nxf2 is the strong threat.} 18. Be3 Rac8 {[%emt 0:02:51] Black is more active.} 19. Bd3 {[%emt 0:13:15] [#]} (19. Bb3 $17 {was worth a try.} Nc5 20. fxg6) 19... Nc3 $1 $19 20. Qg4 (20. bxc3 Qxc3+) 20... Nxd5 21. Bxh6 Nf6 $2 ({Black should play} 21... Bxh6 $19 22. fxg6 Nf4 23. gxf7+ Kh8 (23... Kxf7 24. Rf1 $11)) 22. Qh4 Bxh6 23. Qxh6 Qc5 $36 {[%emt 0:00:12][%mdl 2048] Black fights for an advantage.} 24. Ne2 (24. fxg6 $1 $11 Qxd4 25. Rf1 Qxb2 (25... Bxg2 $2 26. Rxf6 Qe5+ 27. Kd1 $18) (25... Qe5+ 26. Kd2 $11) 26. Rxf6 Qxa1+ 27. Ke2 Qe5+ (27... exf6 28. Qh7#) (27... Rxc2+ 28. Bxc2 Qe5+ 29. Kd2 $11) 28. Kd1 Qa1+ (28... exf6 29. Qh7#) (28... Bf3+ 29. gxf3 Qa1+ 30. Ke2) 29. Ke2 Rxc2+ (29... exf6 30. Qh7#) 30. Bxc2 Qe5+ (30... Qxf6 31. Qh7#) 31. Kd1 Qa1+ (31... Qxf6 32. Qh7#) 32. Ke2 Qe5+ (32... Qxf6 33. Qh7#) 33. Kd1 Qd4+ (33... Qxf6 34. Qh7#) 34. Ke2 Qe5+ (34... Qxf6 35. Qh7#)) 24... Ng4 (24... gxf5 $2 25. Rf1 f4 (25... Bxg2 $2 26. Rxf5 $18) (25... Be4 $2 26. Rf4 $18) 26. Rxf4 $18 (26. Qxf4 Qe5 $16)) 25. Qh4 {[%emt 0:35:02] [#]} Ne5 (25... gxf5 $2 {too greedy.} 26. Qg5+ Kh8 27. Bxf5 $18) 26. fxg6 fxg6 27. Qg3 (27. Qd4) 27... Kg7 {[%emt 0:26:17] Threatens to win with ...Rf6.} (27... Nxd3+ $2 28. cxd3 Qh5 29. Kd1 $19) 28. O-O-O $2 (28. Rd1) 28... Rf2 {[%emt 0:00:25][%cal Of2e2] aiming for ...Rxe2!} (28... Qxa5 $2 29. Kb1 $19) 29. Rge1 Rxg2 ({Less strong is} 29... Bxg2 30. Nd4 Qxd4 31. Rxe5 Qxe5 (31... dxe5 $2 {loses.} 32. Qxg6+ Kf8 33. Qh6+ Ke8 34. Bg6+ Kd7 35. Rxd4+ exd4 36. Qh4 $18) 32. Qxf2 $17) 30. Qh3 {[%emt 0:00:28] [#]} Rxh2 $3 31. Qg3 Rg2 32. Qh3 Bf3 33. Nd4 Qxd4 34. Qxc8 Bxd1 35. Kxd1 Qf4 {[%emt 0:00:26] Weighted Error Value: White=1.05/Black=0.25 (precise) .  Loses game:     	White=1     	---        Missed win:     	---       	Black=1      Mistake:       	White=4     	Black=1      Inaccurate:     	White=2     	Black=5      OK:         	White=8     	Black=4      Best:        	White=1     	Black=4      Brilliant:      	---       	Black=1} 0-1

[Event "1st Jeddah Young Masters 2024"]
[Site "Jeddah"]
[Date "2024.01.29"]
[Round "8.5"]
[White "Sadhwani, Raunak"]
[Black "Erdogmus, Yagiz Kaan"]
[Result "1/2-1/2"]
[ECO "B46"]
[WhiteElo "2654"]
[BlackElo "2524"]
[Annotator "TA"]
[PlyCount "54"]
[EventDate "2024.01.24"]
[EventType "tourn"]
[SourceTitle "playchess.com"]
[Source "ChessBase"]
[SourceQuality "1"]
[TimeControl "5400+30"]

1. e4 c5 2. Nf3 e6 3. d4 cxd4 4. Nxd4 Nc6 5. Nc3 Qc7 6. a3 a6 7. h4 ({White should play} 7. Be3 $14) 7... b5 8. h5 h6 9. Nb3 {[%emt 0:12:52] The position is equal.} Nf6 10. f4 b4 11. axb4 Bxb4 12. Bd3 O-O 13. O-O Bxc3 14. bxc3 {[%emt 0:00:05] Threatens to win with e5.} d6 15. g4 Ne7 16. c4 Bb7 17. Qe2 d5 18. cxd5 exd5 19. e5 (19. Bxa6 $2 Qb6+ (19... Nxe4 $2 20. Bxb7 Rxa1 21. Nxa1 $19) 20. Qe3 Qxe3+ (20... Rxa6 $2 21. Qxb6 Rxb6 22. Be3 $19) 21. Bxe3 Bxa6 $19 (21... Rxa6 $2 22. e5 $19)) 19... Ne4 20. Qe3 {[%emt 0:00:21] Prevents Ng3.} (20. Bxa6 $2 Rxa6 (20... Qb6+ $2 21. Be3 $19) 21. Rxa6 Ng3 $19 (21... Bxa6 $2 22. Qxa6 Qxc2 23. Nd4 $19)) 20... Bc8 $36 {[%emt 0:01:40][%mdl 2048] Black is more active.} 21. c4 {[%emt 0:03:54] [#] Strongly threatening cxd5.} Nc3 {[%emt 0:04:03] Excellent horsemanship.} (21... Rb8 $2 22. cxd5 Rxb3 23. Qxe4 Rxd3 24. Qxd3 $18) 22. Nd4 (22. c5 $11 {keeps the balance.}) 22... dxc4 $17 23. Bc2 Ned5 24. Qf2 (24. Qd2 $17 Rd8 (24... Bxg4 25. Ra3 $15) 25. Kh2) 24... Bxg4 $19 25. Kh2 (25. Ba3 $142) 25... f6 (25... Bxh5 26. Rg1 $17) 26. e6 f5 ({Weaker is} 26... Bxh5 27. Qh4 Ne2 28. e7 (28. Nf5 g6 $11) 28... Nxe7 (28... Nxd4 29. exf8=Q+ Rxf8 30. Qxh5 $16) 29. Ne6 $11) 27. Ba3 {[%emt 0:02:31] [#]} Qd8 $2 {Weighted Error Value: White=0.27 (precise) /Black=0.04 (flawless) .  Missed win:     	---       	Black=1      Mistake:       	White=3     	---        Inaccurate:     	White=1     	Black=1      OK:         	White=11    	Black=11     Best:        	---       	Black=2} 1/2-1/2

[Event "1st Jeddah Young Masters 2024"]
[Site "Jeddah"]
[Date "2024.01.30"]
[Round "9.1"]
[White "Erdogmus, Yagiz Kaan"]
[Black "Murzin, Volodar"]
[Result "0-1"]
[ECO "E61"]
[WhiteElo "2524"]
[BlackElo "2635"]
[Annotator "TA"]
[PlyCount "84"]
[EventDate "2024.01.24"]
[EventType "tourn"]
[SourceTitle "playchess.com"]
[Source "ChessBase"]
[SourceQuality "1"]
[TimeControl "5400+30"]

1. d4 Nf6 2. c4 g6 3. g3 Bg7 4. Bg2 d6 5. Nc3 Nc6 6. Nf3 Bd7 7. O-O Qc8 8. d5 {[%emt 0:12:52] White is better.} Na5 9. Qd3 {[%emt 0:03:44] b4 is the strong threat.} c5 10. e4 O-O 11. Bd2 a6 12. e5 Bf5 13. Qe2 $36 {[%emt 0:00:32][%mdl 2048] White has strong initiative.} Nd7 14. e6 fxe6 15. dxe6 Ne5 16. Nxe5 Bxe5 17. Nd5 Nc6 18. Bh6 Bg7 (18... Rb8 $14) 19. Bxg7 $16 Kxg7 20. Nb6 (20. Rfe1 $1 $16) 20... Nd4 $1 $14 21. Qe3 Qxe6 22. Nxa8 Rxa8 23. Rae1 Qxe3 24. Rxe3 Kf6 25. b3 (25. Bxb7 Rb8 26. Be4 Bxe4 27. Rxe4 Rxb2 $11) ({White should try} 25. Be4 $14) 25... Rb8 $11 26. Rd1 b5 27. cxb5 axb5 28. b4 e5 29. bxc5 dxc5 30. f4 exf4 31. gxf4 Rb6 32. Re5 Ne6 33. Rdd5 Ra6 34. Bf1 {[%emt 0:00:21] Wards off c4} Rxa2 {[%emt 0:00:40] Strongly threatening ...Nd4.} 35. Rd6 c4 {[%emt 0:00:09] And now ...c3 would win.} 36. Rc6 (36. Re3 $1 $11) 36... Rb2 {[%emt 0:00:38] Black is more active.} 37. Bg2 Kg7 $1 38. Be4 {[%emt 0:00:29] [#]} Nd4 (38... Nxf4 39. Bxf5 Ne2+ 40. Rxe2 (40. Kf1 Nd4 $11) 40... Rxe2 41. Be6 $16) 39. Rc7+ {[%emt 0:00:05] [#]} (39. Rd6 $142 Bxe4 40. Rxd4) 39... Kf6 $2 (39... Kh6 $1 $19 {White must now prevent ...Bxe4.} 40. Ree7 Kh5 (40... Ne2+ 41. Kf2 $17) 41. Bxf5 Nxf5 (41... gxf5 42. Rxh7+ Kg4 43. Rh8 $17) 42. Rxh7+ Kg4) 40. Bd5 Be6 {[%emt 0:00:24] Dodges Rf7+. Threatens to win with ...Ne2+.} ({Don't blunder} 40... Ne2+ $2 41. Rxe2 g5 42. Rxb2 $18) 41. Rc6 c3 {[%emt 0:01:02] Dancing on a razor blade.} 42. Bxe6 $2 Nxc6 {[%emt 0:00:06] Weighted Error Value: White=0.26 (precise) /Black=0.16 (very precise) .  Loses game:     	White=1     	---        Missed win:     	---       	Black=1      Mistake:       	White=4     	Black=1      Inaccurate:     	White=2     	Black=1      OK:         	White=16    	Black=18     Best:        	White=1     	Black=1      Strong:       	---       	Black=2} 0-1

[Event "1st Jeddah Young Masters 2024"]
[Site "Jeddah"]
[Date "2024.01.30"]
[Round "9.3"]
[White "Oro, Faustino"]
[Black "Rey Martinez, Jaime"]
[Result "0-1"]
[ECO "A37"]
[WhiteElo "2357"]
[BlackElo "2342"]
[Annotator "TA"]
[PlyCount "66"]
[EventDate "2024.01.24"]
[EventType "tourn"]
[SourceTitle "playchess.com"]
[Source "ChessBase"]
[SourceQuality "1"]
[TimeControl "5400+30"]

1. Nf3 c5 2. c4 g6 3. g3 Bg7 4. Bg2 Nc6 5. Nc3 d6 6. O-O e5 7. d3 Nge7 8. a3 O-O 9. Rb1 f5 10. Ne1 a5 11. Nc2 Be6 12. Bg5 {[%emt 0:03:46] White is slightly better.} Qd7 13. Ne3 f4 14. Bxe7 (14. Ned5 $14 Nc8 15. gxf4) 14... Nxe7 $11 15. Ned5 Rab8 (15... Nxd5 $11 16. Nxd5 Qd8) 16. b4 $16 axb4 17. axb4 Nxd5 18. Nxd5 (18. Bxd5 Bxd5 19. Nxd5 Qh3 $14) (18. cxd5 $16 Bg4 19. bxc5) 18... b5 $11 19. bxc5 dxc5 20. e3 Kh8 21. exf4 (21. Be4 $15) 21... Bxd5 $17 22. Bxd5 exf4 23. Kg2 {[%emt 0:01:22] White is weak on the dark squares} b4 24. Be4 Bd4 {[%emt 0:01:01] Black is more active.} 25. Rb3 (25. f3 $17) 25... Rf6 $19 {[%emt 0:01:48][%cal Of4f3] ...f3+! would now be deadly.} 26. f3 (26. Qf3 {was worth a try.}) 26... Ra6 {[%emt 0:01:13] ( -> ...Ra2+)} 27. Re1 (27. Qd2 $142 Rf8 28. Rbb1) 27... Ra2+ {[%emt 0:03:42] Black is clearly winning.} 28. Re2 Ra1 29. Rb1 Rxb1 30. Qxb1 b3 31. Bd5 b2 32. Re6 {[%emt 0:01:56] [#]} Qxe6 $3 33. Bxe6 {[%emt 0:00:10] [#]} Ra8 $1 {[%emt 0:00:03] Weighted Error Value: White=0.60/Black=0.20 (precise) .  Mistake:       	White=6     	Black=1      Inaccurate:     	White=2     	Black=1      OK:         	White=5     	Black=8      Best:        	White=1     	Black=3      Strong:       	---       	Black=1} 0-1

[Event "1st Jeddah Young Masters 2024"]
[Site "Jeddah"]
[Date "2024.01.30"]
[Round "9.4"]
[White "Pranav Vijay"]
[Black "Seemann, Jakub"]
[Result "1/2-1/2"]
[ECO "A01"]
[WhiteElo "2611"]
[BlackElo "2439"]
[Annotator "RC"]
[PlyCount "155"]
[EventDate "2024.01.24"]
[EventType "tourn"]
[SourceTitle "playchess.com"]
[Source "ChessBase"]
[SourceQuality "1"]
[TimeControl "5400+30"]

1. b3 e5 2. Bb2 Nc6 3. c4 g6 4. Nf3 Bg7 5. e3 Nge7 6. d4 exd4 7. Nxd4 O-O 8. Nxc6 dxc6 9. Qxd8 Rxd8 10. Bxg7 Kxg7 11. Nc3 Bf5 12. Be2 Rd7 13. g4 Bd3 14. Rd1 Rad8 15. Rxd3 Rxd3 16. Bxd3 Rxd3 17. Ne4 b6 18. h4 h6 19. Ke2 Rd8 20. f4 h5 21. gxh5 Nf5 22. hxg6 Re8 23. Kf3 Kxg6 24. h5+ Kh6 25. Rh3 Nxe3 26. Ng3 Nc2 27. Nf5+ Kh7 28. Rg3 Kh8 29. h6 Ne1+ 30. Kf2 Re4 31. Ng7 Nc2 32. Kf3 Re3+ 33. Kg4 Rxg3+ 34. Kxg3 Kh7 35. Nf5 c5 36. Kf3 Nb4 37. a4 Nc2 38. Ke4 Na1 39. Ke5 Nxb3 40. Kf6 Nd4 41. Ne3 c6 42. Kxf7 b5 43. f5 bxa4 44. f6 a3 45. Ke8 a2 46. f7 a1=Q 47. f8=Q Qg1 48. Qe7+ Kxh6 49. Qh4+ Kg6 50. Ng4 Qc1 51. Qe7 Qf4 52. Ne5+ Kf5 53. Nd7 Kg4 54. Ne5+ Kg3 55. Qxc5 Qe4 56. Kd7 Qf5+ 57. Ke7 Qh7+ 58. Kd6 Qh6+ 59. Kd7 Qg7+ 60. Kc8 Qg8+ 61. Kb7 Qh7+ 62. Ka6 Qe4 63. Kxa7 Kf4 64. Nd7 Ke3 65. Ne5 Kf4 66. Nf7 Ke3 67. Nd6 Qd3 68. Qg5+ Ke2 69. Qg2+ Kd1 70. Kb6 Qd2 71. Qe4 Qb4+ 72. Kc7 Qa5+ 73. Kd7 Qa7+ 74. Kd8 Qb6+ 75. Kc8 Qa6+ 76. Kb8 Qb6+ 77. Nb7 c5 78. Qe3 1/2-1/2

[Event "1st Jeddah Young Masters 2024"]
[Site "Jeddah"]
[Date "2024.01.30"]
[Round "9.5"]
[White "Francisco Guecamburu, Candela Be"]
[Black "Klimkowski, Jan"]
[Result "1/2-1/2"]
[ECO "B51"]
[WhiteElo "2295"]
[BlackElo "2531"]
[Annotator "TA"]
[PlyCount "71"]
[EventDate "2024.01.24"]
[EventType "tourn"]
[SourceTitle "playchess.com"]
[Source "ChessBase"]
[SourceQuality "1"]
[TimeControl "5400+30"]

1. e4 c5 2. Nf3 d6 3. Bb5+ Nd7 4. O-O a6 5. Bd3 Ngf6 6. c3 e6 7. Bc2 b5 8. d4 Bb7 9. Re1 Be7 10. e5 dxe5 11. dxe5 Nd5 12. a4 h6 13. Qe2 Bc6 14. Na3 N7b6 (14... b4 $5 15. Nb1 bxc3 $11) 15. c4 Nxc4 16. Nxc4 bxc4 17. Qxc4 Nb4 18. Be4 Bxe4 19. Qxe4 Qd5 20. Bd2 Nd3 21. Re2 Rb8 (21... Nxb2 $5 22. Rb1 Nc4 23. Qxd5 exd5 $15) 22. Bc3 Qxe4 23. Rxe4 O-O (23... Nxb2 $2 {loses.} 24. Rb1 $18) 24. Rd1 Nxb2 25. Rd7 ({Not} 25. Rd2 $2 Nxa4 26. Ba5 Rb1+ 27. Re1 Rb5 $19) 25... Rfe8 $36 {[%emt 0:00:00][%mdl 2048] White is under strong pressure.} 26. Ra7 Rb3 ({Black should play} 26... Nd3 $17 {White must now prevent ...Rb1+.} 27. g3 Nb4) 27. Bxb2 $15 Rxb2 28. Kf1 Bf8 29. Rxa6 Rc8 {[%emt 0:00:00] And now ...c4 would win.} 30. Rc4 Rd8 31. g3 ({Better is} 31. g4) 31... Rd1+ $17 32. Kg2 {[%emt 0:00:22] [#]} Ra1 $1 33. Rf4 {[%emt 0:00:16] [#]} (33. g4 $17 {was worth a try.}) 33... Rb7 $2 ({Black should try} 33... g5 $1 $19 34. Rf6 Be7 35. Rxh6 Kg7) 34. h4 $11 {[%emt 0:00:57] The position is equal.} Ra2 35. Ra8 g6 36. Nh2 {[%emt 0:00:38] Weighted Error Value: White=0.19 (very precise) /Black=0.17 (very precise) .  Missed win:     	---       	Black=1      Mistake:       	White=2     	Black=1      Inaccurate:     	White=6     	Black=3      OK:         	White=7     	Black=16     Best:        	White=1     	---        Strong:       	---       	Black=1} 1/2-1/2